AoeStats
← HD_Daniel

Hill Fort

505805980Analyzed
4v4 RM · 20d ago on Sep 11, 2026· 71m 40s· 8 players
Game mode
Random Map
Map size
Large (8 player)
Population
200
Speed
Normal
Resources
Standard
Victory
Conquest
Starting age
Dark Age
Ending age
Imperial Age
RankedLock teamsTeams togetherTeam positionsShared explorationLock speedFull tech treeHidden civsTurbo modeCheats
Victory
Defeat
🇦🇷 Maya · Argentina
1363
+15
🇺🇸 Saracens · United States
1339
+15
🇨🇳 Slavs · China
1254
+19
🇺🇸 Khitans · United States
1239
+20
🇲🇽 Mongols · Mexico
1419
-20
🇲🇽 Saracens · Mexico
1308
-17
🇲🇽 Huns · Mexico
1286
-16
🇺🇸 Spanish · United States
1284
-16
chentever.twitch
10:07 Feudal Age
14:29 Castle Age
13:09 Double-Bit Axe
14:12 Loom
14:13 Town Watch
14:13 Horse Collar
14:48 Crossbowman
18:34 Fletching
27:13 Bodkin Arrow
27:39 Bow Saw
28:48 Padded Archer Armor
29:23 Heavy Plow
29:55 Thumb Ring
32:01 Wheelbarrow
33:41 Husbandry
37:00 Hand Cart
36:48 Gold Mining
36:49 Stone Mining
38:01 Leather Archer Armor
37:58 Forging
39:18 Bloodlines
43:15 Imperial Age
41:56 Iron Casting
41:27 Scale Barding Armor
42:53 Gold Shaft Mining
42:28 Light Cavalry
44:28 Conscription
43:40 Elite Mameluke
46:09 Chemistry
45:40 Chain Barding Armor
46:21 Ring Archer Armor
46:49 Hussar
48:41 Blast Furnace
50:49 Ballistics
51:59 Elite Skirmisher
55:03 Masonry
58:24 Caravan
65:43 Two-Man Saw
65:48 Murder Holes
69:44 Bracer
alexisjcw
11:02 Feudal Age
11:31 Loom
16:02 Castle Age
14:28 Double-Bit Axe
14:45 Horse Collar
17:22 Bow Saw
17:36 Town Watch
18:51 Padded Archer Armor
19:23 Fletching
21:29 Leather Archer Armor
27:19 Bloodlines
31:04 Husbandry
44:25 Imperial Age
42:31 Wheelbarrow
41:56 Town Patrol
44:42 Elite Conquistador
45:43 Conscription
45:56 Ring Archer Armor
45:41 Bodkin Arrow
48:45 Conscription
48:46 Supremacy
49:19 Fortified Wall
49:30 Ballistics
52:38 Caravan
55:10 Scale Barding Armor
55:16 Forging
55:07 Bracer
56:09 Chemistry
54:57 Light Cavalry
56:13 Chain Barding Armor
55:36 Cavalier
56:45 Cavalier
58:23 Iron Casting
60:28 Hussar
61:45 Plate Barding Armor
62:11 Blast Furnace
HD_Daniel
0:26 Loom
8:45 Feudal Age
9:54 Double-Bit Axe
10:57 Fletching
22:10 Castle Age
20:38 Gold Mining
21:31 Town Watch
21:30 Horse Collar
22:11 Crossbowman
23:00 Bodkin Arrow
25:23 Ballistics
26:15 Padded Archer Armor
43:05 Imperial Age
41:47 Thumb Ring
42:49 Wheelbarrow
42:39 Bloodlines
43:02 Bow Saw
44:06 Conscription
43:54 Bracer
45:10 Chemistry
45:01 Parthian Tactics
45:19 Husbandry
46:20 Leather Archer Armor
45:59 Elite Mangudai
47:50 Capped Ram
48:56 Siege Ram
52:07 Drill
53:59 Scale Barding Armor
54:48 Caravan
56:50 Chain Barding Armor
61:25 Light Cavalry
62:18 Hussar
King Spartacus
9:08 Feudal Age
9:39 Double-Bit Axe
10:24 Horse Collar
10:34 Loom
19:07 Castle Age
17:42 Fletching
18:16 Bloodlines
18:24 Gold Mining
18:44 Padded Archer Armor
19:58 Bodkin Arrow
21:22 Wheelbarrow
21:05 Husbandry
23:06 Bow Saw
23:37 Leather Archer Armor
24:47 Ballistics
25:35 Loom
25:35 Town Watch
29:50 Heavy Plow
31:12 Thumb Ring
34:13 Hand Cart
37:07 Imperial Age
36:46 Scale Barding Armor
36:52 Forging
38:20 Chain Barding Armor
38:36 Iron Casting
37:23 Cavalier
39:07 Gold Shaft Mining
38:25 Stone Mining
39:43 Two-Man Saw
40:01 Chemistry
39:42 Plate Barding Armor
40:17 Blast Furnace
38:59 Paladin
40:02 Bracer
41:44 Caravan
42:14 Guilds
47:52 Light Cavalry
51:01 Hussar
54:07 Parthian Tactics
70:33 Marauders
70:54 Conscription
Hamstring Cramp
10:35 Feudal Age
17:47 Castle Age
17:24 Fletching
18:14 Padded Archer Armor
17:51 Crossbowman
19:00 Bodkin Arrow
19:07 Loom
20:22 Wheelbarrow
20:58 Double-Bit Axe
23:16 Leather Archer Armor
24:09 Ballistics
24:50 Thumb Ring
36:52 Imperial Age
38:08 Bracer
38:39 Ring Archer Armor
38:48 Arbalester
41:23 Chemistry
41:54 Conscription
43:42 Elite Mameluke
44:31 Scale Barding Armor
44:36 Forging
48:07 Chain Barding Armor
48:22 Iron Casting
47:34 Light Cavalry
48:24 Bloodlines
48:15 Husbandry
48:45 Bow Saw
49:25 Plate Barding Armor
49:15 Hussar
51:03 Blast Furnace
52:51 Elite Skirmisher
OfFspRlNg
12:26 Feudal Age
17:06 Castle Age
15:16 Domestication
16:30 Double-Bit Axe
17:44 Scale Barding Armor
20:33 Forging
20:53 Loom
27:11 Husbandry
28:02 Chain Barding Armor
37:44 Imperial Age
36:06 Iron Casting
38:19 Gold Mining
38:10 Elite Steppe Lancer
39:43 Bow Saw
41:36 Plate Barding Armor
42:44 Wheelbarrow
42:49 Pikeman
43:30 Squires
44:41 Scale Mail Armor
45:10 Fletching
46:09 Hand Cart
46:06 Heavy Cavalry Archer
46:50 Bodkin Arrow
47:24 Thumb Ring
47:43 Ballistics
48:27 Chemistry
47:34 Light Cavalry
49:34 Parthian Tactics
50:00 Bracer
50:02 Padded Archer Armor
50:36 Ordo Cavalry
51:33 Caravan
51:45 Guilds
51:30 Elite Skirmisher
51:51 Hussar
54:52 Conscription
56:07 Leather Archer Armor
62:43 Lamellar Armor
64:50 Capped Ram
66:04 Siege Ram
69:14 Arson
71:24 Chain Mail Armor
71:40 Ring Archer Armor
一叶知秋
10:28 Feudal Age
13:46 Bloodlines
14:58 Forging
16:16 Double-Bit Axe
17:48 Horse Collar
20:46 Castle Age
21:15 Scale Barding Armor
21:43 Bow Saw
23:22 Husbandry
26:58 Heavy Plow
26:57 Gold Mining
28:12 Wheelbarrow
31:43 Fletching
34:16 Town Watch
34:47 Hand Cart
39:36 Imperial Age
36:34 Light Cavalry
37:45 Man-at-Arms
38:29 Squires
39:51 Gold Shaft Mining
39:07 Stone Mining
39:00 Long Swordsman
39:46 Cavalier
39:48 Two-Handed Swordsman
40:06 Pikeman
41:36 Iron Casting
41:23 Chain Barding Armor
40:37 Champion
42:50 Halberdier
44:16 Conscription
47:02 Scale Mail Armor
47:52 Crop Rotation
47:41 Hussar
47:54 Elite Skirmisher
50:28 Ballistics
50:13 Siege Engineers
51:09 Chemistry
50:10 Bodkin Arrow
50:24 Padded Archer Armor
50:40 Chain Mail Armor
51:25 Blast Furnace
52:27 Two-Man Saw
52:13 Leather Archer Armor
52:16 Masonry
56:10 Druzhina
59:25 Plate Mail Armor
59:25 Ring Archer Armor
67:10 Capped Ram
68:36 Siege Ram
PocaChota
0:44 Loom
11:57 Feudal Age
16:38 Castle Age
14:53 Double-Bit Axe
16:07 Horse Collar
18:11 Bow Saw
19:23 Fletching
20:20 Bodkin Arrow
21:48 Padded Archer Armor
23:33 Ballistics
29:30 Wheelbarrow
30:59 Leather Archer Armor
32:44 Treadmill Crane
34:20 Gold Mining
37:06 Hand Cart
41:35 Imperial Age
39:32 Squires
39:18 Arson
42:17 Bracer
43:19 Chemistry
43:50 Two-Man Saw
42:52 Heavy Plow
43:48 Conscription
43:44 Elite Plumed Archer
46:32 Masonry
46:33 Clinker Construction
46:33 Careening
47:04 Hoardings
46:40 Pikeman
48:15 Ring Archer Armor
48:40 Forging
47:51 Halberdier
49:09 Caravan
50:00 Crop Rotation
49:45 Scale Mail Armor
51:00 Iron Casting
51:40 Chain Mail Armor
53:16 Blast Furnace
57:52 Plate Mail Armor
59:59 Architecture
66:03 Eagle Warrior
67:19 Holcans
67:24 Capped Ram
68:40 Siege Ram
69:23 Elite Eagle Warrior
Connection lost

Rejoining the realm…

Still unreachable

The connection could not be restored.

Session expired

The server has moved on; the page needs a fresh start.